 Dungeon Crawl Stone Soup version 0.28-a0-21-gf74fda84f9 (webtiles) character file.

Game seed: 8226022859131576082

532 avis the Insei (level 7, -3/46 HPs)
             Began as an Octopode Transmuter on July 27, 2021.
             Was an Initiate of Gozag.
             Slain by an ogre (19 damage)
             ... on level 5 of the Dungeon.
             The game lasted 00:20:32 (4634 turns).

avis the Insei (Octopode Transmuter)                Turns: 4634, Time: 00:20:33

Health: -3/46      AC:  2    Str: 11    XL:     7   Next: 24%
Magic:  8/11       EV: 19    Int: 15    God:    Gozag
Gold:   145        SH:  0    Dex: 18    Spells: 6/12 levels left

rFire   + . .      SeeInvis .     - Unarmed
rCold   . . .      Faith    .   (shield currently unavailable)
rNeg    + . .      Spirit   .   (helmet currently unavailable)
rPois   x          Reflect  .   (no amulet)
rElec   .          Harm     .   e - ring of positive energy
rCorr   .          Rampage  .   t - ring of protection from fire
Will    .....                   (no ring)
Stlth   ++........              (no ring)
HPRegen 0.15/turn               (no ring)
MPRegen 0.12/turn               (no ring)
                                (no ring)
                                (no ring)

@: spider-form
A: venomous fangs, almost no armour, (amphibious), 8 rings, tiny, (camouflage
1), (gelatinous body 1), (nimble swimmer 1), (tentacles)
a: End Transformation, Renounce Religion, Potion Petition, Call Merchant, Bribe
Branch


You were on level 5 of the Dungeon.
You worshipped Gozag.
Gozag was aware of your devotion.
You were a venomous arachnid creature.
You visited 1 branch of the dungeon, and saw 5 of its levels.

You collected 200 gold pieces.
You paid 55 gold pieces to Gozag.

Inventory:

Hand Weapons
 m - a +0 hunting sling
Missiles
 c - 137 stones
 g - 69 arrows
 i - 38 sling bullets
 r - 46 bolts
 s - 5 poisoned darts
Jewellery
 e - a ring of positive energy (left front leg)
 t - a ring of protection from fire (right front leg)
Wands
 n - a wand of polymorph (8)
Scrolls
 a - 5 scrolls of identify {unknown}
 j - a scroll of immolation {unknown}
 p - a scroll of noise {unknown}
 q - a scroll of fear {unknown}
Potions
 b - a potion of ambrosia {unknown}
 d - a potion of might {unknown}
 f - 2 potions of berserk rage {unknown}
 h - 2 potions of heal wounds {unknown}
 k - a potion of degeneration {unknown}
 l - a potion of resistance {unknown}
 o - a potion of flight {unknown}
 u - a potion of haste {unknown}
 v - a potion of attraction {unknown}


   Skills:
 - Level 3.0 Fighting
 * Level 2.3 Dodging
 - Level 2.0 Stealth
 - Level 6.0 Unarmed Combat
 - Level 3.0 Spellcasting
 - Level 3.0 Transmutations
 - Level 2.0 Poison Magic


You had 6 spell levels left.
You knew the following spells:

 Your Spells              Type           Power      Damage    Failure   Level
a - Beastly Appendage     Tmut           22%        N/A       17%         1
l - Passwall              Tmut/Erth      5%         N/A       34%         2
p - Spider Form           Tmut/Pois      4%         N/A       43%         3

Your spell library contained the following spells:

 Spells                   Type           Power      Damage    Failure   Level
 Wereblood                Tmut           11%        N/A       22%         2
 Sandblast                Erth           4%         2d4       41%         1
 Ice Form                 Ice/Tmut       6%         N/A       87%         4
 Lee's Rapid Deconstruct  Erth           1%         3d5*      100%        5
 Malign Gateway           Summ/Tloc      1%         N/A       100%        7
 Summon Horrible Things   Summ           1%         N/A       100%        8


Dungeon Overview and Level Annotations

Branches:
Dungeon (5/15)
 Temple: D:4-7

Altars:
Gozag
Qazlal


Innate Abilities, Weirdness & Mutations

You are a venomous arachnid creature.
You have poisonous fangs.
You are tiny and dextrous.
Your spellcasting is less reliable in this form.
Your armour is entirely melded.
You are incapable of wielding weapons or throwing items.
You cannot wear most types of armour.
((You are amphibious.))
You can wear up to eight rings at the same time.
((Your skin changes colour to match your surroundings (Stealth+).))
((Your rubbery body absorbs attacks. (AC +1, EV +1)))
((You are camouflaged near water. (Stealth+)))
((You have tentacles for arms and can constrict up to eight enemies at once.))


Message History

There is an open door here.
There is an open door here.
Done exploring.
Done exploring.
Search for what [Enter for "."]? .
There is an escape hatch in the ceiling here.
A mysterious force pulls you upwards. The hatch slams shut behind you.
There is an escape hatch in the ceiling here.
A mysterious force pulls you upwards. The hatch slams shut behind you.
There is an escape hatch in the floor here.
You slide downwards.
The hatch slams shut behind you.
There is an escape hatch in the floor here.
You slide downwards.
The hatch slams shut behind you.
There is a stone staircase leading down here.
Casting: Spider Form (quite dangerous; 22% risk of failure)
Confirm with . or Enter, or press ? or * to list all spells.
The spell is quite dangerous to cast (22% risk of failure)!
Continue anyway?
You turn into a venomous arachnid creature.
You climb downwards.
An ogre comes into view. It is wielding a +0 giant club.
There is a stone staircase leading up here.
The helpless ogre fails to defend itself.
You hit the ogre.
The ogre is poisoned.
The ogre is lightly wounded.
You completely miss the ogre.
The ogre is lightly wounded.
The ogre hits you with a +0 giant club!
You hit the ogre.
The ogre looks as sick as possible!
The ogre is lightly wounded.
The ogre misses you.
You hit the ogre.
The ogre looks as sick as possible!
The ogre is moderately wounded.
You hit the ogre.
The ogre is severely wounded.
The ogre hits you with a +0 giant club!
You hit the ogre but do no damage.
The ogre looks as sick as possible!
The ogre is severely wounded.
The ogre hits you with a +0 giant club!!
You die...
Your body crumbles into a pile of gold. ####.# $ #sO..# ###### $ $

You could see an ogre (extremely poisoned).

Vanquished Creatures
  A water moccasin (D:3)
  A necrophage (D:3)
  A scorpion (D:4)
  A wyvern skeleton (D:3)
  A howler monkey (D:4)
  A centaur skeleton (D:4)
  Terence (D:3)
  A gnoll (D:1)
  6 adders
  An adder skeleton (D:4)
  A worm (D:2)
  A dart slug (D:1)
  8 endoplasms
  3 giant cockroaches
  3 goblins
  5 hobgoblins
  6 jackals
  5 kobolds
  4 quokkas
  6 ball pythons
  7 bats
  3 frilled lizards
  5 rats
72 creatures vanquished.

Notes
Turn   | Place    | Note
-------+----------+-------------------------------------------
     0 | D:1      | avis the Octopode Transmuter began the quest for the Orb.
     0 | D:1      | Reached XP level 1. HP: 13/13 MP: 3/3
   120 | D:1      | Reached skill level 1 in Stealth
   132 | D:1      | Reached XP level 2. HP: 12/18 MP: 5/5
   570 | D:1      | Reached skill level 1 in Poison Magic
   624 | D:1      | Reached XP level 3. HP: 23/24 MP: 4/6
   688 | D:1      | Found a faded altar of an unknown god.
  1117 | D:1      | Learned a level 3 spell: Spider Form
  1221 | D:1      | Learned a level 2 spell: Passwall
  1384 | D:2      | Reached XP level 4. HP: 16/29 MP: 3/7
  2041 | D:3      | Reached skill level 4 in Unarmed Combat
  2174 | D:3      | Noticed Terence
  2188 | D:3      | Killed Terence
  2189 | D:3      | Reached XP level 5. HP: 18/34 MP: 5/8
  2612 | D:3      | Found a stormy altar of Qazlal.
  3225 | D:4      | Reached skill level 5 in Unarmed Combat
  3225 | D:4      | Reached XP level 6. HP: 27/39 MP: 3/9
  3392 | D:4      | Noticed a water moccasin
  3392 | D:4      | Noticed a necrophage
  3400 | D:3      | Killed a water moccasin
  3548 | D:3      | Killed a necrophage
  3832 | D:4      | Reached skill level 6 in Unarmed Combat
  3832 | D:4      | Reached XP level 7. HP: 36/45 MP: 7/11
  4353 | D:4      | Found an opulent altar of Gozag.
  4373 | D:4      | Became a worshipper of Gozag Ym Sagoz the Greedy
  4628 | D:5      | Entered Level 5 of the Dungeon
  4634 | D:5      | Slain by an ogre

Illustrated notes

Levels and vault maps discovered:
D:1:      evilmike_arrival_hilbert_curve, layout_rooms,
          shapermc_ecumenical_altar_mp_ritualfount, hex_intersection,
          minmay_tetromino_l4
D:2:      layout_rooms
D:3:      layout_loops_ring, mainiacjoe_overflow_paths, kennysheep_crisscross,
          uniq_terence
D:4:      layout_basic, nicolae_gozag_cash_rules_everything_around_me
D:5:      layout_basic, lemuel_round_altar, minmay_temple_entry_butterflies,
          amcnicky_mini_rare_corridor_liquid, uniq_ijyb

Skill      XL: |  1  2  3  4  5  6  7 |
---------------+----------------------+-----
Stealth        | 2 |  2.0
Fighting       | 2 3 |  3.0
Poison Magic   | 1 2 |  2.0
Unarmed Combat | 4 5 6 |  6.0
Transmutations | 3 |  3.0
Spellcasting   | 3 |  3.0
Dodging        | |  2.3

Action                   |  1- 3 |  4- 6 |  7- 9 || total
-------------------------+-------+-------+-------++-------
Melee: Unarmed           |    72 |   103 |    22 ||   197
       Constrict         |    10 |     9 |       ||    19
       Tentacles         |     6 |     4 |       ||    10
       Punch             |     1 |       |       ||     1
       Kick              |     9 |    12 |       ||    21
 Cast: Beastly Appendage |    15 |    14 |       ||    29
       Spider Form       |     5 |    16 |     6 ||    27
 Stab: Sleeping          |     8 |     5 |     1 ||    14
Armor: Skin              |     2 |    11 |     1 ||    14
Dodge: Dodged            |    47 |    77 |    11 ||   135

Table legend: (Time is in decaauts)
 A = Elapsed time spent in this place.
 B = Non-inter-level travel time spent in this place.
 C = Inter-level travel time spent in this place.
 D = Time resting spent in this place.
 E = Time spent auto-exploring this place.
 F = Levels seen in this place.
 G = Mean time per level.
                   A        B        C        D        E       F      G
               +--------+--------+--------+--------+--------+-----+--------+
         Total |   4627 |   4357 |    270 |   1493 |   1852 |   5 |  925.4 |
       Dungeon |   4627 |   4357 |    270 |   1493 |   1852 |   5 |  925.4 |
               +--------+--------+--------+--------+--------+-----+--------+

Top non-repeatable levels by time:
     D:3: 1655 daAuts
     D:1: 1182 daAuts
     D:4: 953 daAuts
     D:2: 831 daAuts
     D:5: 5 daAuts
